 Dungeon Crawl Stone Soup version 0.29-a0-25-g7f48f510a0 (webtiles) character file.

Game seed: 6728892377168800218

144 croobank the Sneak (level 5, 0/35 HPs)
             Began as a Vampire Venom Mage on Jan 31, 2022.
             Slain by a kobold brigand (5 damage)
             ... in a sewer.
             The game lasted 00:17:10 (3244 turns).

croobank the Sneak (Vampire Venom Mage)             Turns: 3244, Time: 00:17:10

Health: 0/35       AC:  4    Str:  5    XL:     5   Next: 5%
Magic:  8/8        EV: 13    Int: 19    God:
Gold:   113        SH:  0    Dex: 15    Spells: 2/8 levels left

rFire   . . .      SeeInvis +   d - +0 short sword (venom)
rCold   . . .      Faith    .   (no shield)
rNeg    . . .      Spirit   .   a - +2 robe
rPois   .          Reflect  .   (no helmet)
rElec   .          Harm     .   (no cloak)
rCorr   .          Rampage  .   (no gloves)
Will    .....                   (no boots)
Stlth   +++.......              (no amulet)
HPRegen 0.31/turn               (no ring)
MPRegen 0.11/turn               (no ring)

@: mighty, healing quickly
A: alive, fangs 3, see invisible, vampiric 2, weak 1
a: Exsanguinate


You were in a sewer.
You visited 1 branch of the dungeon, and saw 3 of its levels.
You also visited: Sewer.

You collected 113 gold pieces.

Inventory:

Hand Weapons
 b - a +0 dagger
 d - a +0 short sword of venom (weapon)
 g - a +0 war axe
Missiles
 e - 47 stones
 k - 18 arrows
Armour
 a - a +2 robe (worn)
 c - a +0 scale mail
Potions
 f - 2 potions of might
 l - a potion of cancellation {unknown}


   Skills:
 - Level 2.7 Dodging
 - Level 3.9 Stealth
 - Level 2.4 Spellcasting
 + Level 2.2 Conjurations
 - Level 1.9 Transmutations
 - Level 3.1 Poison Magic


You had 2 spell levels left.
You knew the following spells:

 Your Spells              Type           Power      Damage    Failure   Level
a - Sting                 Tmut/Pois      48%        1d5       5%          1
b - Poisonous Vapours     Pois/Air       16%        N/A       13%         2
c - Mephitic Cloud        Conj/Pois/Air  9%         N/A       24%         3

Your spell library contained the following spells:

 Spells                   Type           Power      Damage    Failure   Level
 Olgreb's Toxic Radiance  Pois           14%        N/A       41%         4


Dungeon Overview and Level Annotations

Branches:
Dungeon (3/15)              Sewer (1/1)

Altars:

Shops:
D:3 !

Annotations:
D:2 Sigmund


Innate Abilities, Weirdness & Mutations

Your natural rate of healing is accelerated.
You have razor-sharp teeth.
You have supernaturally acute eyesight. (SInv)
You are afflicted with vampirism and can become a bat while bloodless.
You are weak. (Str -2)


Message History

You hit the kobold brigand but do no damage.
The kobold brigand looks as sick as possible!
Your bite misses the kobold brigand.
The kobold brigand is lightly wounded.
The kobold hits you but does no damage.
The kobold brigand hits you with a +0 dagger.
* * * LOW HITPOINT WARNING * * *
What are your orders? t - Shout!
Orders for allies: a - Attack new target. p - Attack previous target. r - Retreat! s - Stop attacking. g - Guard the area. f - Follow me.
Anything else - Cancel.
Okay, then.
You aren't carrying any scrolls.
You feel very mighty all of a sudden. The kobold closely misses you.
The kobold brigand closely misses you.
You barely miss the kobold brigand.
The kobold brigand is lightly wounded.
The kobold barely misses you.
The kobold brigand hits you with a +0 dagger.
* * * LOW HITPOINT WARNING * * *
You barely miss the kobold brigand. Your bite misses the kobold brigand.
The kobold brigand is moderately wounded.
The kobold hits you but does no damage.
The kobold brigand hits you with a +0 dagger.
* * * LOW HITPOINT WARNING * * *
It was a potion of magic.
Magic courses through your body. The kobold hits you with a +0 dagger.
* * * LOW HITPOINT WARNING * * *
The kobold brigand hits you but does no damage.
Okay, then.
Casting: Poisonous Vapours (safe; 13% risk of failure)
Confirm with . or Enter, or press ? or * to list all spells.
Okay, then.
It was a potion of mutation.
You feel extremely strange.
You feel weaker. The kobold closely misses you.
The kobold brigand hits you with a +0 dagger.
You die...

≈≈≈≈≈≈≈≈≈≈≈≈..).≈≈#
≈≈≈≈≈≈≈≈≈≈≈≈..#.≈≈#
≈≈≈≈≈≈≈≈≈≈≈≈..#.≈≈#
≈≈≈≈≈≈≈≈≈≈≈≈≈.#..≈#
≈≈≈≈≈≈≈≈≈≈≈...#.≈≈#
≈≈≈≈≈≈≈≈≈≈....#.≈≈# .
#≈##≈##≈###.####)## .§.
............≈≈#.K.#.....
...........≈≈≈≈.@K))§._..
.......)....≈≈#...#.....§
##≈#≈≈###≈#.####.###..§..
≈≈≈≈≈≈≈≈≈≈≈...#.≈≈# .....
≈≈≈≈≈≈≈≈≈≈≈≈..#..≈# +++#
≈≈≈≈≈≈≈≈≈≈≈≈≈.#.≈≈#
≈≈≈≈≈≈≈≈≈≈≈≈≈.#..≈#
≈≈≈≈≈≈≈≈≈≈≈≈≈.#.≈≈#
≈≈≈≈≈≈≈≈≈≈≈≈..'.≈≈#


You could see a kobold brigand (very poisoned) and a kobold.

Vanquished Creatures
  2 adders
  2 shadow imps (Sewer)
  3 ufetubi (Sewer)
  An adder zombie (Sewer)
  3 dart slugs
  3 orcs (D:3)
  5 ball pythons
  11 bats
  8 endoplasms
  7 giant cockroaches
  7 hobgoblins
  2 jackals (D:1)
  10 kobolds
  4 quokkas
  2 frilled lizards (D:1)
  3 goblins
  A rat (D:1)
  A spectral hobgoblin (D:2)
75 creatures vanquished.

Vanquished Creatures (others)
  An adder zombie (Sewer)
1 creature vanquished.

Grand Total: 76 creatures vanquished

Notes
Turn   | Place    | Note
-------+----------+-------------------------------------------
     0 | D:1      | croobank the Vampire Venom Mage began the quest for the
                  | Orb.
     0 | D:1      | Reached XP level 1. HP: 13/13 MP: 3/3
    83 | D:1      | Reached XP level 2. HP: 19/19 MP: 1/5
    86 | D:1      | Learned a level 2 spell: Poisonous Vapours
  1085 | D:2      | Gained mutation: You are afflicted with vampirism and can
                  | become a bat while bloodless. [Vampire growth]
  1085 | D:2      | Reached XP level 3. HP: 24/24 MP: 6/6
  1089 | D:2      | Learned a level 3 spell: Mephitic Cloud
  1285 | D:2      | Found a faded altar of an unknown god.
  1887 | D:2      | Noticed Sigmund
  2122 | D:3      | HP: 1/24 [frozen (5)]
  2124 | D:3      | Reached XP level 4. HP: 2/30 MP: 1/7
  2406 | D:3      | Found a glowing drain.
  2469 | D:3      | Found Keihowk's Distillery.
  2480 | D:3      | Reached skill level 1 in Conjurations
  2516 | Sewer    | Entered a sewer
  3128 | Sewer    | Reached XP level 5. HP: 11/35 MP: 5/8
  3219 | Sewer    | Found a burning altar of Makhleb.
  3244 | Sewer    | Gained mutation: You are weak. (Str -2) [potion of
                  | mutation]
  3244 | Sewer    | Slain by a kobold brigand

Illustrated notes

Levels and vault maps discovered:
D:1:      ncdulo_lavacross, layout_basic, minmay_tetromino_s4
D:2:      layout_basic, dreamdust_ecumenical_altar_drowned_temple,
          minmay_misc_feat_enclosed, chequers_serial_rivers_small_3,
          kennysheep_generic_room_14, uniq_sigmund
D:3:      layout_basic, serial_shops, shop, portal_sewer_entry_f
Sewer:    kennysheep_sewer_church

Skill      XL: |  1  2  3  4 |
---------------+-------------+-----
Poison Magic   | 3 |  3.1
Conjurations   | 2 |  2.2
Dodging        | |  2.7
Stealth        | |  3.9
Spellcasting   | |  2.4
Transmutations | |  1.9

Action                   |  1- 3 |  4- 6 || total
-------------------------+-------+-------++-------
Melee: Dagger            |    59 |       ||    59
       Short sword       |    72 |    90 ||   162
       Bite              |    14 |     7 ||    21
       Punch             |     2 |     1 ||     3
 Cast: Sting             |    20 |     2 ||    22
       Poisonous Vapours |    32 |    28 ||    60
  Use: Scroll            |     4 |     1 ||     5
       Potion            |       |     3 ||     3
 Stab: Sleeping          |     2 |     3 ||     5
       Distracted        |     1 |       ||     1
Armor: Robe              |    48 |    34 ||    82
Dodge: Dodged            |    82 |    59 ||   141

Table legend: (Time is in decaauts)
 A = Elapsed time spent in this place.
 B = Non-inter-level travel time spent in this place.
 C = Inter-level travel time spent in this place.
 D = Time resting spent in this place.
 E = Time spent auto-exploring this place.
 F = Levels seen in this place.
 G = Mean time per level.
                   A        B        C        D        E       F      G
               +--------+--------+--------+--------+--------+-----+--------+
         Total |   3275 |   3256 |     19 |   1112 |   1376 |   4 |  818.8 |
       Dungeon |   2538 |   2519 |     19 |    645 |   1289 |   3 |  846.0 |
         Sewer |    736 |    736 |      0 |    467 |     87 |   1 |  736.0 |
               +--------+--------+--------+--------+--------+-----+--------+

Top non-repeatable levels by time:
     D:1: 1018 daAuts
     D:2: 887 daAuts
   Sewer: 736 daAuts
     D:3: 632 daAuts
